 Dungeon Crawl Stone Soup version 0.17.1-2-g5865329 (webtiles) character file.

606 MirrMurr the Covert (level 7, 0/32 HPs)
             Began as a Spriggan Enchanter on Feb 14, 2016.
             Was an Initiate of Ashenzari.
             Killed from afar by an orc wizard (6 damage)
             ... with a magic dart
             ... on level 5 of the Dungeon.
             The game lasted 00:11:10 (4470 turns).

MirrMurr the Covert (Spriggan Enchanter)            Turns: 4470, Time: 00:11:10

Health: 0/32       AC:  5    Str:  4    XL:     7   Next: 19%
Magic:  3/16       EV: 18    Int: 18    God:    Ashenzari [......]
Gold:   147        SH:  0    Dex: 17    Spells: 4 memorised, 8 levels left

rFire  . . .     SeeInvis +     a - +2 dagger
rCold  . . .     Clarity  .     b - +2 robe
rNeg   . . .     SustAt   .     (shield restricted)
rPois  .         Gourm    .     (helmet restricted)
rElec  .         Spirit   .     g - +0 cloak
rCorr  .         Warding  .     (gloves unavailable)
rMut   .         Stasis   .     (boots unavailable)
MR     +....                    (no amulet)
Stlth  +++++.....               (no ring)
                                (no ring)

@: very slightly contaminated, very quick, somewhat resistant to hostile
enchantments, quite stealthy
A: unfitting armour, see invisible, herbivore 3, speed 3, slow metabolism 2
a: Renounce Religion


You were on level 5 of the Dungeon.
You worshipped Ashenzari.
Ashenzari was noncommittal.
You were not hungry.

You visited 1 branch of the dungeon, and saw 6 of its levels.

You collected 147 gold pieces.

Inventory:

Hand Weapons
 a - a +2 dagger (weapon)
Missiles
 f - 11 tomahawks (quivered)
 h - 148 stones
 s - 11 poisoned needles
Armour
 b - a +2 robe (worn)
 g - a +0 cloak (worn)
Jewellery
 t - a cursed ring of teleportation
Wands
 p - a wand of paralysis (12)
Scrolls
 r - a scroll of recharging
Potions
 e - a potion of haste
 i - a potion of ambrosia
 j - 4 potions of brilliance {unknown}
 k - 2 potions of heal wounds {unknown}
 l - a potion of magic {unknown}
 m - 3 potions of curing {unknown}
 n - a potion of flight {unknown}
 o - a potion of poison {unknown}
 q - a potion of lignification {unknown}
Books
 c - a book of Maledictions

   Spells                             Type                      Level
   a - Corona                         Hexes                        1
   b - Ensorcelled Hibernation        Hexes/Ice                    2
   c - Confuse                        Hexes                        3
   d - Tukima's Dance                 Hexes                        3
   e - Dazzling Spray                 Conjuration/Hexes            3
Comestibles
 d - 4 bread rations


   Skills:
 - Level 1.1 Short Blades
 - Level 3.0 Dodging
 * Level 10.9 Stealth
 + Level 5.7 Spellcasting
 - Level 3.6 Hexes


You had 8 spell levels left.
You knew the following spells:

 Your Spells              Type           Power        Failure   Level  Hunger
a - Ensorcelled Hibernat  Hex/Ice        ##....       12%         2    None
b - Confuse               Hex            ###.....     10%         3    ##.....
c - Corona                Hex            ###....      2%          1    None
d - Dazzling Spray        Conj/Hex       ##......     21%         3    ##.....


Dungeon Overview and Level Annotations

Branches:
Dungeon (6/15)
 Temple: D:4-7

Altars:
Ashenzari
Fedhas
Okawaru
Yredelemnul
The Shining One

Annotations:
D:4 come back, Dowan, Duvessa


Innate Abilities, Weirdness & Mutations

You are tiny and cannot use many weapons and most armour.
You have supernaturally acute eyesight.
You are a herbivore.
You cover ground extremely quickly.
You need consume almost no food.


Message History

The orc wizard hits you but does no damage.
You hit the orc wizard.
The orc wizard is severely wounded.
The orc wizard hits you with a dagger of holy wrath. x2
* * * LOW HITPOINT WARNING * * *
Casting: Ensorcelled Hibernation
Confirm with . or Enter, or press ? or * to list all spells.
Aiming: Confuse
Press: ? - help, Shift-Dir - straight line, f/p - orc wizard
Aim: an orc wizard, wielding a dagger of holy wrath and wearing a robe (severely wounded, fast, chance to defeat MR: 49%)
The orc wizard resists with some effort.
The orc wizard mumbles some strange words.
The orc wizard blinks!
Casting: Confuse
Confirm with . or Enter, or press ? or * to list all spells.
You don't have enough magic to cast that spell.
Unknown command.
The orc wizard gestures at you while chanting.
The magic dart hits you!
You die...

#........##..#####)####
##............##.......#
......<..##...##.#####.#
..............##o#### #
....<...."...o.o....#
##....##..######.##.#
......##..# #.##.##.#
>..#####..# #.....[.#
...#####..### #@......#
#...........# #.##.##.#
#.#####.....# #....# #.#
#.....# #..###
#.#####.....# #..#
......#.....# #...
#.###.####### ##...
#..##.# #... ##.##.#
#.##


You could see an orc wizard and an orc.

Vanquished Creatures
  A sky beast (D:6)
  A centaur (D:5)
  A jelly (D:5)
  2 hounds
  An orc priest (D:5)
  Terence (D:2)
  An iguana (D:5)
  2 worker ants
  2 hound skeletons (D:4)
  7 adders
  3 gnolls (D:2)
  2 oozes
  A worm (D:3)
  5 giant geckos
  11 orcs
  6 giant cockroaches
  12 hobgoblins
  3 jackals (D:2)
  3 quokkas
  8 bats
  4 giant newts
  9 goblins
  6 kobolds
  A quokka skeleton (D:4)
  8 rats
101 creatures vanquished.

Vanquished Creatures (others)
  An orc (D:5)
  A ball python (D:6)
  A kobold (D:5)
3 creatures vanquished.

Grand Total: 104 creatures vanquished

Notes
Turn   | Place    | Note
--------------------------------------------------------------
     0 | D:1      | MirrMurr the Spriggan Enchanter began the quest for the Orb.
     0 | D:1      | Reached XP level 1. HP: 9/9 MP: 5/5
   338 | D:1      | Reached skill level 5 in Stealth
   369 | D:1      | Reached XP level 2. HP: 11/13 MP: 6/6
   373 | D:1      | Learned a level 2 spell: Ensorcelled Hibernation
   485 | D:1      | Reached skill level 6 in Stealth
   957 | D:1      | Reached XP level 3. HP: 14/16 MP: 8/8
   962 | D:1      | Learned a level 3 spell: Confuse
  1505 | D:2      | Noticed Terence
  1515 | D:2      | Killed Terence
  1515 | D:2      | Reached skill level 7 in Stealth
  1515 | D:2      | Reached XP level 4. HP: 21/21 MP: 4/9
  1659 | D:2      | Found a basalt altar of Yredelemnul.
  2036 | D:2      | Reached skill level 8 in Stealth
  2042 | D:2      | Reached XP level 5. HP: 24/24 MP: 0/11
  2658 | D:3      | Learned a level 3 spell: Dazzling Spray
  2729 | D:3      | Found an iron altar of Okawaru.
  2729 | D:3      | Found a blossoming altar of Fedhas.
  2730 | D:3      | Found a shattered altar of Ashenzari.
  2733 | D:3      | Became a worshipper of Ashenzari the Shackled
  2737 | D:3      | Found a glowing golden altar of the Shining One.
  3367 | D:4      | Reached skill level 9 in Stealth
  3429 | D:4      | Noticed a centaur
  3586 | D:4      | Noticed Duvessa
  3635 | D:4      | Found a blossoming altar of Fedhas.
  3870 | D:4      | Noticed Dowan
  3935 | D:4      | Reached XP level 6. HP: 24/28 MP: 7/13
  3955 | D:5      | Entered Level 5 of the Dungeon
  4252 | D:5      | You fall through a shaft!
  4255 | D:6      | Reached skill level 10 in Stealth
  4255 | D:6      | Reached skill level 5 in Spellcasting
  4318 | D:5      | Reached XP level 7. HP: 27/32 MP: 8/16
  4470 | D:5      | Killed from afar by an orc wizard

Action                   |  1- 3 |  4- 6 |  7- 9 || total
-------------------------+-------+-------+-------++-------
Melee: Dagger            |   128 |   177 |    10 ||   315
 Cast: Ensorcelled Hiber |     4 |    31 |     4 ||    39
       Dazzling Spray    |       |     1 |     2 ||     3
       Confuse           |       |       |     1 ||     1
  Use: Scroll            |     5 |     6 |       ||    11
 Stab: Sleeping          |    13 |    30 |     3 ||    46
  Eat: Bread ration      |       |     1 |       ||     1
